 Dungeon Crawl Stone Soup version 0.31-a0-145-g046c7d2549 (webtiles) character file.

Game seed: 17627820511726076736

120 qw the Shooter (level 4, -2/40 HPs)
             Began as a Minotaur Hunter on June 7, 2023.
             Killed by nerve-wracking pain
             ... invoked by Menkaure
              (3 damage)
             ... on level 3 of the Dungeon.
             The game lasted 00:01:01 (2215 turns).

qw the Shooter (Minotaur Hunter)                    Turns: 2215, Time: 00:01:02

Health: -2/40      AC:  9    Str: 16    XL:     4   Next: 75%
Magic:  3/3        EV: 12    Int:  6    God:
Gold:   170        SH:  5    Dex: 15    Spells: 3/3 levels left

rFire   . . .        Y - +0 shortbow
rCold   . . .        (shield currently unavailable)
rNeg    . . .        c - +0 leather armour
rPois   .            (helmet restricted)
rElec   .            n - +0 cloak
rCorr   .            (no gloves)
SInv    .            f - +0 pair of boots
Will    .....        j - amulet of reflection
Stlth   +            b - +4 ring of protection
HPRegen 0.26/turn    (no ring)
MPRegen 0.08/turn

%: reflection
@: brilliant, about to teleport
A: horns 2, retaliatory headbutt
a: no special abilities


You were on level 3 of the Dungeon.
You visited 1 branch of the dungeon, and saw 4 of its levels.

You collected 170 gold pieces.


Innate Abilities, Weirdness & Mutations

You have a pair of horns on your head.
You reflexively headbutt those who attack you in melee.


   Skills:
 + Level 3.9 Fighting
 - Level 6.0 Ranged Weapons
 - Level 1.1 Armour
 - Level 2.1 Dodging
 - Level 0.7 Stealth


You had 3 spell levels left.
You didn't know any spells.
Your spell library was empty.

Inventory:

Hand Weapons
 Y - a +0 shortbow (weapon)
Armour
 c - a +0 leather armour (worn)
 f - a +0 pair of boots (worn)
 n - a +0 cloak (worn)
Jewellery
 b - a +4 ring of protection (left hand)
 j - an amulet of reflection (around neck)
Scrolls
 k - a scroll of identify
Potions
 e - a potion of attraction {unknown}
 g - a potion of curing
 h - a potion of enlightenment {unknown}
 i - a potion of berserk rage {unknown}
 m - a potion of might {unknown}

Dungeon Overview and Level Annotations

Branches:
Dungeon (4/15)
 Temple: D:4-7

Altars:
Ashenzari
Elyvilon
Makhleb
Zin
The Shining One

Annotations:
D:3 1 runed translucent door, Crazy Yiuf, Menkaure


Message History

Menkaure seems to speed up.
You shoot an arrow.
The arrow hits Menkaure but does no damage.
Menkaure is moderately damaged.
You shoot an arrow. The arrow hits Menkaure!
Menkaure is severely damaged.
Menkaure closely misses you. Menkaure barely misses you.
You shoot an arrow. The arrow hits Menkaure.
Menkaure is severely damaged.
Menkaure calls on the powers of darkness!
Your body is wracked with pain!
2211 ||| STAIRDANCE Menkaure points at you and mumbles some strange words.
Pain shoots through your body!
You climb upwards.
Level annotation: 1 runed translucent door, Crazy Yiuf
There is a stone staircase leading down here.
Enter note:
Enter note:
Enter note:
Enter note:
Enter note:
Enter note:
Enter note:
Enter note:
Enter note:
2213 ||| READING scroll of teleportation.
As you read the scroll of teleportation, it crumbles to dust.
You feel strangely unstable.
Menkaure calls on the powers of darkness!
Your body is wracked with pain!
Menkaure closely misses you.
You shoot an arrow.
The arrow hits Menkaure but does no damage.
Menkaure is severely damaged.
Menkaure hits you.
You shoot an arrow. The arrow hits Menkaure.
Menkaure is severely damaged.
Menkaure casts a spell at you. Pain shoots through your body!
You die...

# # ############ #
#@.........##### #
#.M#######..##.###
#......##.........
#........##.#...##
#..###.#.##.....##
#..###.#..#.....##
#########.....<...........
#...............######..##
##.#######.###...........#


You could see Menkaure (fast).

Vanquished Creatures
  3 adders
  3 dart slugs
  3 worms (D:2)
  11 endoplasms
  4 giant cockroaches
  7 goblins
  7 hobgoblins
  5 kobolds
  A quokka (D:1)
  14 ball pythons
  7 bats
  4 frilled lizards
  5 rats
74 creatures vanquished.

Notes
Turn   | Place    | Note
-------+----------+-------------------------------------------
     0 | D:1      | qw the Minotaur Hunter began the quest for the Orb.
     0 | D:1      | Reached XP level 1. HP: 18/18 MP: 0/0
     0 | D:1      | 0 ||| qw: Version: 0.2-a-117-gc6b5c8b
     0 | D:1      | 0 ||| qw: Game counter: 2487
     0 | D:1      | 0 ||| qw: Always use a shield: true
     0 | D:1      | 0 ||| qw: God list: Okawaru
     0 | D:1      | 0 ||| qw: Allow faded altars: false
     0 | D:1      | 0 ||| qw: Do Orc after D:15 true
     0 | D:1      | 0 ||| qw: Do second Lair branch before Depths: true
     0 | D:1      | 0 ||| qw: Lair rune preference: random
     0 | D:1      | 0 ||| qw: Plans: Normal
     0 | D:1      | 0 ||| PLANNING D:1-11
   168 | D:1      | Reached XP level 2. HP: 25/25 MP: 1/1
   270 | D:1      | Reached skill level 5 in Ranged Weapons
   302 | D:1      | 302 ||| FLEEEEING.
   360 | D:1      | Reached skill level 3 in Fighting
   429 | D:1      | 429 ||| FLEEEEING.
   430 | D:1      | 430 ||| FLEEEEING.
   431 | D:1      | 431 ||| FLEEEEING.
   432 | D:1      | 432 ||| FLEEEEING.
   470 | D:1      | Reached XP level 3. HP: 29/31 MP: 2/2
   944 | D:1      | 944 ||| UPGRADING to +0 pair of boots.
   949 | D:1      | 949 ||| READING scroll labelled TASIUHAYGI.
   950 | D:1      | 950 ||| READING scroll labelled TYABIOTIRO.
   951 | D:1      | 951 ||| READING scroll labelled QUPOELA ATTO.
   952 | D:1      | 952 ||| READING scroll labelled OTWUSO SUXUR.
   953 | D:1      | 953 ||| DROPPING scroll of butterflies.
  1170 | D:2      | Reached XP level 4. HP: 38/38 MP: 3/3
  1201 | D:2      | Reached skill level 6 in Ranged Weapons
  1436 | D:2      | Reached skill level 1 in Armour
  1447 | D:2      | 1447 ||| UPGRADING to +4 ring of protection.
  1448 | D:2      | 1448 ||| READING scroll labelled ZUNIFF HARGH.
  1449 | D:2      | 1449 ||| READING 2 scrolls labelled PIR CUIDOTEAT.
  1454 | D:2      | 1454 ||| READING scroll labelled NOITEPT ZEKHLITZ.
  1455 | D:2      | 1455 ||| DRINKING 2 sapphire potions.
  1533 | D:3      | Found a glowing silver altar of Zin.
  1589 | D:3      | Found a faded altar of an unknown god.
  1650 | D:3      | Found a glowing golden altar of the Shining One.
  1652 | D:3      | Found a white marble altar of Elyvilon.
  1764 | D:3      | Found a burning altar of Makhleb.
  1842 | D:3      | Found a runed translucent door.
  1843 | D:3      | Noticed Crazy Yiuf
  1958 | D:3      | Found a broken altar of Ashenzari.
  2162 | D:3      | 2162 ||| UPGRADING to +0 cloak.
  2167 | D:3      | 2167 ||| UPGRADING to amulet of reflection.
  2172 | D:3      | 2172 ||| READING scroll labelled PANESHRE IHIOC.
  2173 | D:3      | 2173 ||| DRINKING 2 red potions.
  2174 | D:3      | 2174 ||| DROPPING potion of brilliance.
  2203 | D:4      | Noticed Menkaure
  2204 | D:4      | 2204 ||| PLANNING OSSUARY
  2211 | D:4      | 2211 ||| STAIRDANCE
  2211 | D:4      | HP: 8/40 [Menkaure/nerve-wracking pain (13)]
  2213 | D:3      | 2213 ||| READING scroll of teleportation.
  2214 | D:3      | HP: 1/40 [Menkaure (5)]
  2215 | D:3      | Killed from afar by Menkaure

Levels and vault maps discovered:
D:1:      tarquinn_simple_flora_water_b, layout_loops_cross, chequers_big_river,
          minmay_vboxes
D:2:      layout_basic
D:3:      layout_basic, good_gods_mini_temple,
          mainiacjoe_overflow_small_starburst, lightli_temple_of_fire,
          ebering_ecumenical_altar_hall, uniq_crazy_yiuf_cottage
D:4:      layout_loops_cross, nicolae_ru_path_of_blood,
          nicolae_ossuary_entry_catacombs, uniq_menkaure, uniq_pikel

Skill      XL: |  1  2  3  4 |
---------------+-------------+-----
Ranged Weapons | 5 6 |  6.0
Fighting       | 3 |  3.9
Armour         | 1 |  1.1
Dodging        | |  2.1
Stealth        | |  0.7

Action                     |  1- 3 |  4- 6 || total
---------------------------+-------+-------++-------
   Fire: Shortbow          |   131 |    86 ||   217
    Use: Scroll            |     4 |     5 ||     9
         Potion            |       |     2 ||     2
 Armour: Leather armour    |    16 |    13 ||    29
  Dodge: Dodged            |    27 |    36 ||    63

Table legend:
 A = Non-vault XP
 B = Vault XP
 C = Vault XP percentage of total XP
 D = Non-vault monster count
 E = Vault monster count
 F = Vault count percentage of total count
                 A         B        C        D         E       F
            +---------+---------+-------+---------+---------+-------
      Total |     160 |      12 |   7.0 |      67 |       7 |   9.5
            +---------+---------+-------+---------+---------+-------
        D:1 |      52 |      12 |  18.8 |      30 |       7 |  18.9
        D:2 |      55 |       0 |   0.0 |      20 |       0 |   0.0
        D:3 |      53 |       0 |   0.0 |      17 |       0 |   0.0
            +---------+---------+-------+---------+---------+-------
